 Dungeon Crawl Stone Soup version 0.31-a0-1-g4198be8af4 (webtiles) character file.

Game seed: 1344219486287969875

86 NinjaNoafa the Skirmisher (level 4, -5/38 HPs)
             Began as a Gnoll Hunter on May 2, 2023.
             Slain by Grinder (6 damage)
             ... on level 3 of the Dungeon.
             The game lasted 00:03:49 (1542 turns).

NinjaNoafa the Skirmisher (Gnoll Hunter)            Turns: 1542, Time: 00:03:50

Health: -5/38      AC:  3    Str: 10    XL:     4   Next: 50%
Magic:  5/5        EV: 13    Int: 10    God:
Gold:   115        SH:  0    Dex: 16    Spells: 5/5 levels left

rFire   . . .        a - +0 shortbow
rCold   . . .        (shield currently unavailable)
rNeg    . . .        c - +0 leather armour
rPois   .            (no helmet)
rElec   .            (no cloak)
rCorr   .            (no gloves)
SInv    .            (no boots)
Will    .....        (no amulet)
Stlth   ++           (no ring)
HPRegen 0.26/turn    (no ring)
MPRegen 0.09/turn

%: no passive effects
@: mighty, weak-willed
A: fangs 1, strong nose, distributed training
a: no special abilities


You were on level 3 of the Dungeon.
You visited 1 branch of the dungeon, and saw 3 of its levels.

You collected 115 gold pieces.

Inventory:

Hand Weapons
 a - a +0 shortbow (weapon)
Armour
 c - a +0 leather armour (worn)
Scrolls
 b - 4 scrolls of immolation
 d - 2 scrolls of vulnerability
 e - a scroll of poison {unknown}
 f - a scroll of teleportation {unknown}
 g - a scroll of silence {unknown}
 h - a scroll of magic mapping {unknown}
 i - 3 scrolls of identify {unknown}
 k - a scroll of amnesia {unknown}
 m - a scroll of enchant weapon {unknown}


   Skills:
 + Level 4.7 Fighting
 + Level 1.2 Short Blades
 + Level 1.2 Long Blades
 + Level 1.2 Axes
 + Level 1.2 Maces & Flails
 + Level 1.2 Polearms
 + Level 1.2 Staves
 + Level 8.6 Ranged Weapons
 + Level 1.2 Throwing
 + Level 1.2 Armour
 + Level 4.7 Dodging
 + Level 2.6 Stealth
 + Level 1.2 Shields
 + Level 1.2 Unarmed Combat
 + Level 1.2 Spellcasting
 + Level 1.0 Conjurations
 + Level 1.0 Hexes
 + Level 1.0 Summonings
 + Level 1.0 Necromancy
 + Level 1.0 Translocations
 + Level 1.0 Transmutations
 + Level 1.0 Fire Magic
 + Level 1.0 Ice Magic
 + Level 1.0 Air Magic
 + Level 1.0 Earth Magic
 + Level 1.0 Poison Magic
 + Level 1.3 Invocations
 + Level 1.2 Evocations


You had 5 spell levels left.
You didn't know any spells.
Your spell library contained the following spells:

 Spells                   Type           Power      Damage    Failure   Level
 Beastly Appendage        Tmut           4%         N/A       28%         1
 Wereblood                Tmut           2%         N/A       41%         2
 Spider Form              Tmut/Pois      2%         N/A       65%         3
 Vhi's Electric Charge    Tloc/Air       4%         N/A       65%         3
 Arcjolt                  Conj/Air       1%         1d11      100%        5
 Plasma Beam              Fire/Air       1%         2x1d12    100%        6


Dungeon Overview and Level Annotations

Branches:
Dungeon (3/15)

Altars:

Annotations:
D:3 Grinder


Innate Abilities, Weirdness & Mutations

You have very sharp teeth.
Your uncanny sense of smell can sniff out nearby items.
Your experience applies equally to all skills.


Message History

You shoot an arrow. The arrow barely misses Grinder.
The endoplasm freezes you.
You are frozen.
Grinder hits you but does no damage.
Unknown command.
It was a potion of curing.
You feel better. The endoplasm barely misses you.
Grinder hits you but does no damage.
You shoot an arrow. The arrow closely misses Grinder.
The endoplasm freezes you.
You are frozen.
Grinder gestures at you. Pain shoots through your body!
The endoplasm freezes you.
You are frozen.
The endoplasm attacks as you move away! The endoplasm misses you.
Grinder attacks as you move away! Grinder hits you.
* * * LOW HITPOINT WARNING * * *
You writhe in agony.
* * * LOW HITPOINT WARNING * * *
Okay, then.
Unknown command.
You shoot an arrow. The arrow hits the endoplasm.
The endoplasm is severely wounded.
The endoplasm freezes you.
You are frozen.
* * * LOW HITPOINT WARNING * * *
Grinder gestures at you. Pain shoots through your body!
* * * LOW HITPOINT WARNING * * *
Unknown command.
Unknown command.
It was a potion of might.
You feel very mighty all of a sudden. The endoplasm freezes you.
You are frozen.
* * * LOW HITPOINT WARNING * * *
Grinder gestures at you.
You struggle to resist.
You shoot an arrow. The arrow barely misses the endoplasm.
The endoplasm closely misses you. Grinder hits you.
You die...

#.#.# . ....#######
#.#.# #.#...?.......#
#.#.# .#...........#
#.#.# .............#
..#.# ##...........#
..#.# .............#
..#.######.†........#
.........+.....5....#
..#.#..###.....J@...#
###.#..#......####......
#.#....####.# #####
#.#....# #.#### #......#
#....# ###########....#
#..5..|.....#
#.....#....)...#
#.....#........#


You could see Grinder and an endoplasm.

Vanquished Creatures
  3 adders (D:2)
  2 dart slugs (D:1)
  3 orcs (D:2)
  2 ball pythons
  2 bats
  6 endoplasms
  3 giant cockroaches
  3 goblins
  3 hobgoblins
  5 jackals (D:1)
  2 frilled lizards (D:2)
  8 kobolds
  7 rats
49 creatures vanquished.

Notes
Turn   | Place    | Note
-------+----------+-------------------------------------------
     0 | D:1      | NinjaNoafa the Gnoll Hunter began the quest for the Orb.
     0 | D:1      | Reached XP level 1. HP: 20/20 MP: 1/1
   234 | D:1      | Reached XP level 2. HP: 26/26 MP: 2/2
   458 | D:1      | Reached XP level 3. HP: 25/31 MP: 3/3
   932 | D:2      | Reached skill level 1 in Invocations
  1023 | D:2      | Reached skill level 1 in Short Blades
  1023 | D:2      | Reached skill level 1 in Long Blades
  1023 | D:2      | Reached skill level 1 in Axes
  1023 | D:2      | Reached skill level 1 in Maces & Flails
  1023 | D:2      | Reached skill level 1 in Polearms
  1023 | D:2      | Reached skill level 1 in Staves
  1023 | D:2      | Reached skill level 1 in Throwing
  1023 | D:2      | Reached skill level 1 in Armour
  1023 | D:2      | Reached skill level 1 in Shields
  1023 | D:2      | Reached skill level 1 in Unarmed Combat
  1023 | D:2      | Reached skill level 1 in Spellcasting
  1023 | D:2      | Reached skill level 1 in Evocations
  1028 | D:2      | Found a faded altar of an unknown god.
  1145 | D:2      | Reached XP level 4. HP: 38/38 MP: 5/5
  1404 | D:2      | Reached skill level 1 in Conjurations
  1404 | D:2      | Reached skill level 1 in Hexes
  1404 | D:2      | Reached skill level 1 in Summonings
  1404 | D:2      | Reached skill level 1 in Necromancy
  1404 | D:2      | Reached skill level 1 in Translocations
  1404 | D:2      | Reached skill level 1 in Transmutations
  1404 | D:2      | Reached skill level 1 in Fire Magic
  1404 | D:2      | Reached skill level 1 in Ice Magic
  1404 | D:2      | Reached skill level 1 in Air Magic
  1404 | D:2      | Reached skill level 1 in Earth Magic
  1404 | D:2      | Reached skill level 1 in Poison Magic
  1516 | D:3      | Noticed Grinder
  1532 | D:3      | Paralysed by Grinder for 3 turns
  1541 | D:3      | HP: 1/38 [frozen (2)]
  1542 | D:3      | Slain by Grinder

Illustrated notes

Levels and vault maps discovered:
D:1:      dpeg_arrival_three_same_balls, layout_loops_ring
D:2:      layout_basic, shapermc_ecumenical_altar_pompeii
D:3:      layout_basic, gammafunk_ghost_grave, uniq_grinder

Skill      XL: |  1  2  3  4 |
---------------+-------------+-----
Invocations    | 1 |  1.3
Short Blades   | 1 |  1.2
Long Blades    | 1 |  1.2
Axes           | 1 |  1.2
Maces & Flails | 1 |  1.2
Polearms       | 1 |  1.2
Staves         | 1 |  1.2
Throwing       | 1 |  1.2
Armour         | 1 |  1.2
Shields        | 1 |  1.2
Unarmed Combat | 1 |  1.2
Spellcasting   | 1 |  1.2
Evocations     | 1 |  1.2
Conjurations   | 1 |  1.0
Hexes          | 1 |  1.0
Summonings     | 1 |  1.0
Necromancy     | 1 |  1.0
Translocations | 1 |  1.0
Transmutations | 1 |  1.0
Fire Magic     | 1 |  1.0
Ice Magic      | 1 |  1.0
Air Magic      | 1 |  1.0
Earth Magic    | 1 |  1.0
Poison Magic   | 1 |  1.0
Fighting       | |  4.7
Ranged Weapons | |  8.6
Dodging        | |  4.7
Stealth        | |  2.6

Action                     |  1- 3 |  4- 6 || total
---------------------------+-------+-------++-------
   Fire: Shortbow          |    83 |    60 ||   143
    Use: Potion            |       |     2 ||     2
         Scroll            |       |     1 ||     1
 Armour: Leather armour    |     9 |    10 ||    19
  Dodge: Dodged            |    21 |    34 ||    55

Table legend: (Time is in decaauts)
 A = Elapsed time spent in this place.
 B = Non-inter-level travel time spent in this place.
 C = Inter-level travel time spent in this place.
 D = Time resting spent in this place.
 E = Time spent auto-exploring this place.
 F = Levels seen in this place.
 G = Mean time per level.
                   A        B        C        D        E       F      G
               +--------+--------+--------+--------+--------+-----+--------+
         Total |   1560 |   1368 |    192 |      0 |   1015 |   3 |  520.0 |
       Dungeon |   1560 |   1368 |    192 |      0 |   1015 |   3 |  520.0 |
               +--------+--------+--------+--------+--------+-----+--------+

Top non-repeatable levels by time:
     D:1: 936 daAuts
     D:2: 521 daAuts
     D:3: 101 daAuts
